TOP OF THE 1ST |
San Diego Smashers batting - Pitching for Menlo Maniacs : RHP Jeff Davis
|
Pitching: RHP Jeff Davis
|
|
Batting: RHB Ricardo Guzmán
|
0-0: Called Strike 0-1: Ball 1-1: Ball 2-1: Foul Ball, location: 2F 2-2: Strikes out swinging passed ball, reaches first!
|
Batting: RHB António López
|
0-0: Ball 1-0: Called Strike 1-1: Ball 2-1: Fielders Choice at 2nd, 1-4 (Groundball, 23)
|
Batting: RHB Phil White
|
0-0: Called Strike 0-1: Ball 1-1: Ball 2-1: Foul Ball, location: 2F 2-2: Ball 3-2: Foul Ball, location: 2F 3-2: Fly out, F9 (Flyball, 9S)
|
Batting: RHB Marty Hendrickson
|
0-0: Called Strike 0-1: Ball 1-1: Called Strike 1-2: Ball 2-2: Foul Ball, location: 2F 2-2: Foul Ball, location: 2F 2-2: Ball 3-2: Ground out 6-3 (Groundball, 6)
|
Top of the 1st over - 0 run(s), 0 hit(s), 0 error(s), 1 left on base; San Diego 0 - Menlo 0 |
BOTTOM OF THE 1ST |
Menlo Maniacs batting - Pitching for San Diego Smashers : LHP John Lawson
|
Pitching: LHP John Lawson
|
|
Batting: RHB Robert Downing
|
0-0: Foul Ball, location: 2F 0-1: Foul Ball, location: 2F 0-2: Foul Ball, location: 2F 0-2: Strikes out swinging
|
Batting: RHB Steve Sampson
|
0-0: Ball 1-0: Ball 2-0: Ball 3-0: Base on Balls
|
Batting: LHB Marcos Pérez
|
0-0: Ball 1-0: Ball Wild Pitch! Steve Sampson to second 2-0: Swinging Strike 2-1: Foul Ball, location: 2F 2-2: Ball 3-2: Foul Ball, location: 2F 3-2: Strikes out swinging
|
Batting: RHB Daryl Floyd
|
0-0: Swinging Strike 0-1: Ball 1-1: Foul Ball, location: 2F 1-2: Strikes out swinging
|
Bottom of the 1st over - 0 run(s), 0 hit(s), 0 error(s), 1 left on base; San Diego 0 - Menlo 0 |
TOP OF THE 2ND |
San Diego Smashers batting - Pitching for Menlo Maniacs : RHP Jeff Davis
|
Batting: SHB Chris Woods
|
0-0: Foul Ball, location: 2F 0-1: Ball 1-1: Ground out 4-3 (Groundball, 4)
|
Batting: RHB Fred Ameris
|
0-0: Ball 1-0: Foul Ball, location: 2F 1-1: Ball 2-1: Swinging Strike 2-2: Ground out 6-3 (Groundball, 6)
|
Batting: LHB Karl Hill
|
0-0: Swinging Strike 0-1: Called Strike 0-2: Ball 1-2: Foul Ball, location: 2F 1-2: Ball 2-2: Foul Ball, location: 2F 2-2: Ball 3-2: Fly out, F9 (Flyball, 9M)
|
Top of the 2nd over - 0 run(s), 0 hit(s), 0 error(s), 0 left on base; San Diego 0 - Menlo 0 |
BOTTOM OF THE 2ND |
Menlo Maniacs batting - Pitching for San Diego Smashers : LHP John Lawson
|
Batting: LHB Arthur Hall
|
0-0: Ball 1-0: Reached on error, E4 (Groundball, 4)
|
Batting: RHB Júlio Trinidad
|
0-0: Ball 1-0: Called Strike 1-1: Ball 2-1: DOUBLE (Popup, 78S) Arthur Hall to third
|
Batting: LHB Paul Alexander
|
0-0: Called Strike 0-1: Swinging Strike 0-2: Foul Ball, location: 2F 0-2: Ball 1-2: SINGLE (Line Drive, 4D) Arthur Hall scores Júlio Trinidad to third
|
Batting: RHB David Strickland
|
0-0: Ball 1-0: Called Strike 1-1: Fly out, F9 (Flyball, 9LMF) Throwing error, E9 Júlio Trinidad scores Paul Alexander to second
|
Batting: RHB Gilberto León
|
0-0: Ball 1-0: Called Strike 1-1: Foul Ball, location: 2F 1-2: Strikes out looking
|
Batting: RHB Robert Downing
|
0-0: Ground out 5-3 (Groundball, 5S)
|
Bottom of the 2nd over - 2 run(s), 2 hit(s), 2 error(s), 1 left on base; San Diego 0 - Menlo 2 |
TOP OF THE 3RD |
San Diego Smashers batting - Pitching for Menlo Maniacs : RHP Jeff Davis
|
Batting: RHB Fletcher Reed
|
0-0: Bunt for hit - play at first, batter safe!
|
Batting: RHB Gilberto Guzmán
|
0-0: Ball 1-0: Called Strike 1-1: Called Strike 1-2: Foul Ball, location: 2F 1-2: Reached on error, E1 (Groundball, 23) Fletcher Reed to second
|
Batting: RHB Ricardo Guzmán
|
0-0: Ball 1-0: Ball 2-0: Swinging Strike 2-1: Fly out, F9 (Flyball, 9M)
|
Batting: RHB António López
|
0-0: Foul Ball, location: 2F 0-1: Foul Ball, location: 2F 0-2: Ball 1-2: Fly out, F3 (Popup, 4S)
|
Batting: RHB Phil White
|
0-0: Called Strike 0-1: Swinging Strike 0-2: Ball 1-2: Ball 2-2: Ground out U3 (Groundball, 3)
|
Top of the 3rd over - 0 run(s), 1 hit(s), 1 error(s), 2 left on base; San Diego 0 - Menlo 2 |
BOTTOM OF THE 3RD |
Menlo Maniacs batting - Pitching for San Diego Smashers : LHP John Lawson
|
Batting: RHB Steve Sampson
|
0-0: Swinging Strike 0-1: Ball 1-1: Foul Ball, location: 2F 1-2: SINGLE (Line Drive, 8LS)
|
Batting: LHB Marcos Pérez
|
0-0: SINGLE (Line Drive, 6M) Steve Sampson to second
|
Batting: RHB Daryl Floyd
|
0-0: Called Strike 0-1: Ball 1-1: Ball 2-1: Grounds into double play, 5-4-3 (Groundball, 56) Steve Sampson to third
|
Batting: LHB Arthur Hall
|
0-0: Swinging Strike 0-1: Fly out, F7 (Flyball, 7S)
|
Bottom of the 3rd over - 0 run(s), 2 hit(s), 0 error(s), 1 left on base; San Diego 0 - Menlo 2 |
TOP OF THE 4TH |
San Diego Smashers batting - Pitching for Menlo Maniacs : RHP Jeff Davis
|
Batting: RHB Marty Hendrickson
|
0-0: SINGLE (Groundball, 6M)
|
Batting: SHB Chris Woods
|
0-0: Fly out, F6 (Line Drive, 6)
|
Batting: RHB Fred Ameris
|
0-0: Grounds into double play, 6-4-3 (Groundball, 6)
|
Top of the 4th over - 0 run(s), 1 hit(s), 0 error(s), 0 left on base; San Diego 0 - Menlo 2 |
BOTTOM OF THE 4TH |
Menlo Maniacs batting - Pitching for San Diego Smashers : LHP John Lawson
|
Batting: RHB Júlio Trinidad
|
0-0: Called Strike 0-1: Ball 1-1: Ball 2-1: Ball 3-1: Base on Balls
|
Batting: LHB Paul Alexander
|
0-0: Called Strike 0-1: Fly out, F9 (Flyball, 89M)
|
Batting: RHB David Strickland
|
0-0: Called Strike 0-1: Ball 1-1: Ball 2-1: Fly out, F7 (Flyball, 7D)
|
Batting: RHB Gilberto León
|
0-0: Called Strike 0-1: Ball 1-1: Called Strike 1-2: Strikes out swinging
|
Bottom of the 4th over - 0 run(s), 0 hit(s), 0 error(s), 1 left on base; San Diego 0 - Menlo 2 |
TOP OF THE 5TH |
San Diego Smashers batting - Pitching for Menlo Maniacs : RHP Jeff Davis
|
Batting: LHB Karl Hill
|
0-0: Ground out U3 (Groundball, 3)
|
Batting: RHB Fletcher Reed
|
0-0: Ball 1-0: Called Strike 1-1: Fly out, F7 (Flyball, 7M)
|
Batting: RHB Gilberto Guzmán
|
0-0: Ball 1-0: Called Strike 1-1: Ball 2-1: Ground out 4-3 (Groundball, 4M)
|
Top of the 5th over - 0 run(s), 0 hit(s), 0 error(s), 0 left on base; San Diego 0 - Menlo 2 |
BOTTOM OF THE 5TH |
Menlo Maniacs batting - Pitching for San Diego Smashers : LHP John Lawson
|
Batting: RHB Robert Downing
|
0-0: Ground out 5-3 (Groundball, 56S)
|
Batting: RHB Steve Sampson
|
0-0: Swinging Strike 0-1: Foul Ball, location: 2F 0-2: Strikes out swinging
|
Batting: LHB Marcos Pérez
|
0-0: Foul Ball, location: 2F 0-1: Ball 1-1: Foul Ball, location: 2F 1-2: Ball 2-2: Ball 3-2: Ground out 1-3 (Groundball, 13S)
|
Bottom of the 5th over - 0 run(s), 0 hit(s), 0 error(s), 0 left on base; San Diego 0 - Menlo 2 |
TOP OF THE 6TH |
San Diego Smashers batting - Pitching for Menlo Maniacs : RHP Jeff Davis
|
Batting: RHB Ricardo Guzmán
|
0-0: Foul Ball, location: 2F 0-1: Ball 1-1: DOUBLE (Flyball, 78XD)
|
Batting: RHB António López
|
0-0: Ball Throwing error on steal attempt, E2 Ricardo Guzmán scores 1-0: Called Strike 1-1: Foul Ball, location: 2F 1-2: DOUBLE (Line Drive, 7LS)
|
Batting: RHB Phil White
|
0-0: Ball 1-0: Called Strike 1-1: Ball 2-1: Foul Ball, location: 2F 2-2: Ball 3-2: Foul Ball, location: 2F 3-2: Base on Balls
|
Batting: RHB Marty Hendrickson
|
0-0: Called Strike 0-1: Called Strike 0-2: Strikes out swinging
|
Batting: SHB Chris Woods
|
0-0: Called Strike António López steals 3rd base Phil White to second 0-1: Ball 1-1: Ball 2-1: Swinging Strike 2-2: Strikes out swinging
|
Batting: RHB Fred Ameris
|
0-0: Ball 1-0: Swinging Strike 1-1: SINGLE (Groundball, 5D) António López scores Phil White to third Runner from 3rd tries for Home, SAFE, no throw or cutoff
|
Pitching: RHP Will Jackson
|
|
Batting: LHB Karl Hill
|
0-0: Ball Fred Ameris steals 2nd base 1-0: Swinging Strike 1-1: Ball 2-1: Ball 3-1: Fly out, F7 (Line Drive, 78M)
|
Top of the 6th over - 3 run(s), 3 hit(s), 1 error(s), 1 left on base; San Diego 3 - Menlo 2 |
BOTTOM OF THE 6TH |
Menlo Maniacs batting - Pitching for San Diego Smashers : LHP John Lawson
|
Batting: RHB Daryl Floyd
|
0-0: Foul Ball, location: 2F 0-1: Ball 1-1: Ball 2-1: Foul Ball, location: 2F 2-2: Foul Ball, location: 2F 2-2: Ball 3-2: Fly out, F8 (Flyball, 8LXD)
|
Batting: LHB Arthur Hall
|
0-0: Called Strike 0-1: Foul Ball, location: 2F 0-2: Ball 1-2: Ball 2-2: Ball 3-2: SINGLE (Line Drive, 6D)
|
Pitching: LHP Jesús Martínez
|
|
Batting: RHB Júlio Trinidad
|
0-0: Ball 1-0: DOUBLE (Line Drive, 7LD) Arthur Hall to third Runner from 3rd tries for Home, SAFE, no throw or cutoff
|
Batting: LHB Paul Alexander
|
0-0: Called Strike 0-1: Ball 1-1: Ball 2-1: Ball 3-1: Foul Ball, location: 2F 3-2: Base on Balls
|
Batting: RHB David Strickland
|
0-0: Foul Ball, location: 2F 0-1: Ball 1-1: Fly out, F8 (Flyball, 8LXD) Runner from 2nd tags up, SAFE at 3rd, no throw
|
Batting: RHB Gilberto León
|
0-0: Ball 1-0: Ball 2-0: Called Strike 2-1: Ground out 4-3 (Groundball, 4)
|
Bottom of the 6th over - 1 run(s), 2 hit(s), 0 error(s), 2 left on base; San Diego 3 - Menlo 3 |
TOP OF THE 7TH |
San Diego Smashers batting - Pitching for Menlo Maniacs : RHP Will Jackson
|
Pinch Hitting: LHB Ken Phillips
|
0-0: SINGLE (Line Drive, 34D)
|
Pinch Hitting: RHB Manuel Muńóz
|
0-0: Sac Bunt - play at first, batter OUT! 1-4 Ken Phillips to second
|
Pinch Hitting: LHB Ramiro Martínez
|
0-0: Ball 1-0: Ball 2-0: Swinging Strike 2-1: Ball 3-1: Base on Balls
|
Batting: RHB António López
|
0-0: Called Strike 0-1: SINGLE (Line Drive, 78S) Ken Phillips to third Ramiro Martínez to second
|
Batting: RHB Phil White
|
0-0: Called Strike 0-1: Ball 1-1: Ball Wild Pitch! Ken Phillips scores Ramiro Martínez to third António López to second 2-1: Intentional Walk
|
Batting: RHB Marty Hendrickson
|
0-0: Ball 1-0: Foul Ball, location: 2F 1-1: Fly out, F4 (Popup, 4MD)
|
Batting: SHB Chris Woods
|
0-0: Ball 1-0: Ball 2-0: Ball 3-0: Base on Balls Ramiro Martínez scores António López to third Phil White to second
|
Batting: RHB Fred Ameris
|
0-0: Foul Ball, location: 2F 0-1: Ball 1-1: Swinging Strike 1-2: Foul Ball, location: 2F 1-2: Ball 2-2: Foul Ball, location: 2F 2-2: Foul Ball, location: 2F 2-2: Fly out, F3 (Popup, 3D)
|
Top of the 7th over - 2 run(s), 2 hit(s), 0 error(s), 3 left on base; San Diego 5 - Menlo 3 |
BOTTOM OF THE 7TH |
Menlo Maniacs batting - Pitching for San Diego Smashers : LHP Jesús Martínez
|
Now at 2B: Jorge Collazo
|
|
Now at 3B: John Nelson
|
|
Now in CF: Ramiro Martínez
|
|
Batting: RHB Robert Downing
|
0-0: Ball 1-0: Swinging Strike 1-1: Swinging Strike 1-2: Foul Ball, location: 2F 1-2: Strikes out swinging
|
Batting: RHB Steve Sampson
|
0-0: Ball 1-0: Ball 2-0: Ball 3-0: Base on Balls
|
Batting: LHB Marcos Pérez
|
0-0: Called Strike 0-1: Called Strike 0-2: Ball 1-2: SINGLE (Line Drive, 9LS) Steve Sampson to second
|
Batting: RHB Daryl Floyd
|
0-0: Called Strike 0-1: Ball 1-1: Swinging Strike 1-2: Strikes out looking
|
Batting: LHB Arthur Hall
|
0-0: Ground out U3 (Groundball, 3S)
|
Bottom of the 7th over - 0 run(s), 1 hit(s), 0 error(s), 2 left on base; San Diego 5 - Menlo 3 |
TOP OF THE 8TH |
San Diego Smashers batting - Pitching for Menlo Maniacs : RHP Will Jackson
|
Batting: LHB Karl Hill
|
0-0: Ball 1-0: Fly out, F8 (Flyball, 78D)
|
Batting: RHB Jorge Collazo
|
0-0: Ball 1-0: Ball 2-0: Ball 3-0: Base on Balls
|
Batting: RHB John Nelson
|
0-0: Ball 1-0: Called Strike 1-1: Foul Ball, location: 2F 1-2: Ball 2-2: Strikes out swinging
|
Pitching: RHP David Bishop
|
|
Batting: LHB Ramiro Martínez
|
0-0: Swinging Strike 0-1: Ball Jorge Collazo is caught stealing 2nd base
|
Top of the 8th over - 0 run(s), 0 hit(s), 0 error(s), 0 left on base; San Diego 5 - Menlo 3 |
BOTTOM OF THE 8TH |
Menlo Maniacs batting - Pitching for San Diego Smashers : LHP Jesús Martínez
|
Batting: RHB Júlio Trinidad
|
0-0: Ball 1-0: Ball 2-0: SOLO HOME RUN (Flyball, 7D), Distance : 393 ft
|
Batting: LHB Paul Alexander
|
0-0: SINGLE (Line Drive, 8RS)
|
Pitching: RHP Joe Shoemaker
|
|
Pinch Hitting: RHB Philip Burke
|
0-0: Fly out, F9 (Flyball, 9M)
|
Batting: RHB Gilberto León
|
0-0: Grounds into double play, 6-4-3 (Groundball, 6)
|
Bottom of the 8th over - 1 run(s), 2 hit(s), 0 error(s), 0 left on base; San Diego 5 - Menlo 4 |
TOP OF THE 9TH |
San Diego Smashers batting - Pitching for Menlo Maniacs : RHP David Bishop
|
Now at SS: Philip Burke
|
|
Batting: LHB Ramiro Martínez
|
0-0: Fly out, F7 (Popup, 78S)
|
Pitching: RHP James Jones
|
|
Batting: RHB António López
|
0-0: Fly out, F9 (Flyball, 9M)
|
Batting: RHB Phil White
|
0-0: Called Strike 0-1: Foul Ball, location: 2F 0-2: Ball 1-2: Fly out, F3 (Popup, 3F)
|
Top of the 9th over - 0 run(s), 0 hit(s), 0 error(s), 0 left on base; San Diego 5 - Menlo 4 |
BOTTOM OF THE 9TH |
Menlo Maniacs batting - Pitching for San Diego Smashers : RHP Joe Shoemaker
|
Pitching: RHP Jeremy Murray
|
|
Pinch Hitting: LHB Jeff Tucker
|
0-0: Ball 1-0: Ball 2-0: Called Strike 2-1: Ball 3-1: Base on Balls
|
Batting: RHB Steve Sampson
|
0-0: Bunted foul 0-1: Ball 1-1: Bunted foul 1-2: Strikes out swinging
|
Batting: LHB Marcos Pérez
|
0-0: SINGLE (Line Drive, 56D) Jeff Tucker to second
|
Batting: RHB Daryl Floyd
|
0-0: Swinging Strike 0-1: Fly out, F9 (Flyball, 89M)
|
Batting: LHB Arthur Hall
|
0-0: Ball 1-0: Ball 2-0: Foul Ball, location: 2F 2-1: Ball 3-1: Base on Balls Jeff Tucker to third Marcos Pérez to second
|
Batting: RHB Júlio Trinidad
|
0-0: Ball 1-0: Called Strike 1-1: GRAND SLAM HOME RUN (Flyball, 78D), Distance : 401 ft
|
Monday, December 5th, 2016 - OOTP Baseball 17.12 Build 75
|
|